 Dungeon Crawl Stone Soup version 0.29-a0-700-g2f1814c7b2 (webtiles) character file.

Game seed: 5643813963901228747

2501 gobodom the Reanimator (level 9, -2/62 HPs)
             Began as a Demonspawn Necromancer on June 24, 2022.
             Slain by a killer bee (7 damage)
             ... on level 8 of the Dungeon on June 25, 2022.
             The game lasted 01:02:38 (10236 turns).

gobodom the Reanimator (Demonspawn Necromancer)    Turns: 10236, Time: 01:02:39

Health: -2/62      AC:  3    Str: 12    XL:     9   Next: 28%
Magic:  13/19      EV: 15    Int: 24    God:
Gold:   463        SH:  0    Dex: 13    Spells: 3/22 levels left

rFire   + . .      SeeInvis .   c - +3 dagger (venom)
rCold   . . .      Faith    .   (no shield)
rNeg    . . .      Spirit   .   a - +0 robe
rPois   .          Reflect  .   (no helmet)
rElec   .          Harm     .   x - +0 cloak
rCorr   .          Rampage  .   (no gloves)
Will    .....                   (no boots)
Stlth   ++........              (no amulet)
HPRegen 0.20/turn               q - +6 ring of intelligence
MPRegen 0.16/turn               C - ring of protection from fire

@: no status effects
A: hooves 2, repulsion field 1, foul stench 1, powered by pain 1
a: no special abilities


You were on level 8 of the Dungeon.
You visited 2 branches of the dungeon, and saw 9 of its levels.
You also visited: Ossuary.

You collected 463 gold pieces.

Inventory:

Hand Weapons
 c - a +3 dagger of venom (weapon)
 k - a +0 dagger of speed
 s - a +2 trident of distortion
 w - a +2 quarterstaff of chaos
Missiles
 j - 14 poisoned darts
 r - 8 boomerangs
 u - 2 throwing nets
Armour
 a - a +0 robe (worn)
 i - a +3 leather armour
 x - a +0 cloak (worn)
 D - a +2 ring mail of poison resistance
 F - a +2 kite shield
Jewellery
 q - a +6 ring of intelligence (left hand)
 C - a ring of protection from fire (right hand)
 K - a ring of resist corrosion
Wands
 b - a wand of digging (5)
 o - a wand of polymorph (7)
 y - a wand of charming (6)
 z - a wand of iceblast (8)
 I - a wand of mindburst (24)
Scrolls
 e - 2 scrolls of immolation
 g - 3 scrolls of enchant weapon
 h - a scroll of torment
 m - a scroll of fear
 p - a scroll of magic mapping
 G - a scroll of amnesia
 H - a scroll of noise
 J - 2 scrolls of vulnerability
Potions
 f - 2 potions of magic
 l - a potion of ambrosia
 n - a potion of resistance
 t - a potion of might {unknown}
 B - a potion of invisibility
 E - a potion of lignification


   Skills:
 + Level 2.8 Fighting
 + Level 2.9 Short Blades
 + Level 0.4 Throwing
 + Level 3.7 Dodging
 + Level 3.7 Stealth
 + Level 7.1 Spellcasting
 + Level 0.3 Conjurations
 + Level 9.0 Necromancy
 + Level 1.5 Evocations


You had 3 spell levels left.
You knew the following spells:

 Your Spells              Type           Power      Damage    Failure   Level
a - Necrotize             Necr           100%       1d9       1%          1
b - Vampiric Draining     Necr           51%        2d9       1%          3
c - Animate Dead          Necr           51%        N/A       1%          4
d - Magic Dart            Conj           40%        1d5       6%          1
e - Agony                 Necr           51%        N/A       4%          5
f - Call Imp              Summ           8%         N/A       11%         2
g - Dazzling Flash        Conj/Hex       18%        N/A       21%         3

Your spell library contained the following spells:

 Spells                   Type           Power      Damage    Failure   Level
 Mephitic Cloud           Conj/Pois/Air  9%         N/A       21%         3
 Airstrike                Air            4%         N/A       56%         4
 Summon Lightning Spire   Summ/Air       8%         N/A       56%         4
 Lightning Bolt           Conj/Air       4%         1d16      88%         5
 Silence                  Hex/Air        4%         N/A       89%         5


Dungeon Overview and Level Annotations

Branches:
Dungeon (8/15)             Temple (1/1) D:5         Ossuary (visited)
   Lair: D:8-11

Altars:
Ashenzari
Cheibriados
Elyvilon
Fedhas
Gozag
Hepliaklqana
Kikubaaqudgha
Makhleb
Nemelex Xobeh
Okawaru
Qazlal
Ru
Sif Muna
Trog
Uskayaw
Vehumet
Wu Jian
Xom
Yredelemnul
Zin
The Shining One


Innate Abilities, Weirdness & Mutations

You have hoof-like feet.
You are surrounded by a mild repulsion field. (EV +2)
You may rarely emit foul miasma when damaged in melee.
You sometimes gain a little power by taking damage.


Message History

You draw life force from the killer bee!
You feel life coursing into your body.
You feel very sick. The killer bee barely misses you.
The killer bee completely misses you.
The killer bee stings you but does no damage.
The killer bee barely misses you. The killer bee stings you.
* * * LOW HITPOINT WARNING * * *
You are more poisoned.
The killer bee poisons you! The killer bee barely misses you.
Casting: Vampiric Draining (safe; 1% risk of failure)
Confirm with . or Enter, or press ? or * to list all spells.
Aiming: Vampiric Draining (safe; 1% risk of failure)
Press: ? - help, Shift-Dir - straight line, f/p - killer bee
Aim: a killer bee (heavily wounded)
You draw life force from the killer bee!
You kill the killer bee!
You feel life coursing into your body.
* * * LOW HITPOINT WARNING * * *
You feel very sick.
The killer bee closely misses you. x2; The killer bee misses you.
The killer bee closely misses you.
The orc wizard casts a spell.
The orc wizard flickers and vanishes!
Deactivating autopickup; reactivate with Ctrl-A.
You feel better. The killer bee closely misses you. The killer bee stings you.
* * * LOW HITPOINT WARNING * * *
The killer bee closely misses you.
The killer bee stings you but does no damage.
The killer bee attacks as you move away!
The killer bee stings you.
* * * LOW HITPOINT WARNING * * *
You emit a cloud of foul miasma!
The killer bee is engulfed in dark miasma.
The killer bee is poisoned.
The killer bee is engulfed in dark miasma.
The killer bee looks even sicker.
The killer bee seems to slow down.
The killer bee completely misses you.
The killer bee is engulfed in dark miasma.
The killer bee looks even sicker.
The killer bee stings you!
You die...

.[..$......###...
..♣..>..♣.......
......§....# ..
...#
#..#####{o###y
...# #o##.. ....y
#.##.# ...y
#o##.# ...
#yyy.##.#.# .
####@.....###.#
#..###..... #..#
.... ##.###.#
#.....# ###.####
#....# ####.# #<#


You could see 3 killer bees and an orc.

Vanquished Creatures
  Eustachio (D:5)
  A steam dragon (D:8)
  2 wargs (D:7)
  Edmund (D:4)
  A water moccasin (D:6)
  An ice beast (D:6)
  An orc warrior (D:7)
  A sky beast (D:7)
  An ogre (D:5)
  5 phantoms
  A bullfrog (D:7)
  A scorpion (D:6)
  A water moccasin zombie (Ossuary)
  A killer bee (D:8)
  Crazy Yiuf (D:3)
  4 hounds
  3 jellies
  A gnoll shaman (D:6)
  3 mummies (Ossuary)
  2 iguanas
  Ijyb (D:3)
  3 orc wizards (D:7)
  6 gnolls
  11 adders
  A shadow imp (D:5)
  A white imp (D:7)
  4 dart slugs
  8 orcs
  12 ball pythons
  4 bats (D:1)
  6 endoplasms
  3 giant cockroaches
  7 goblins
  9 hobgoblins
  8 jackals
  9 kobolds
  6 quokkas
  2 frilled lizards
  4 rats
138 creatures vanquished.

Vanquished Creatures (collateral kills)
  An orc priest (D:7)
  A worm (D:3)
  3 orcs
  2 goblins (D:1)
  A ball python (D:1)
  A frilled lizard (D:3)
  2 rats (D:2)
11 creatures vanquished.

Vanquished Creatures (others)
  2 mummies (Ossuary)
  A withered plant (Ossuary)
3 creatures vanquished.

Grand Total: 152 creatures vanquished

Notes
Turn   | Place    | Note
-------+----------+-------------------------------------------
     0 | D:1      | gobodom the Demonspawn Necromancer began the quest for the
                  | Orb.
     0 | D:1      | Reached XP level 1. HP: 13/13 MP: 3/3
   358 | D:1      | Gained mutation: You have large cloven feet. [demonic
                  | ancestry]
   358 | D:1      | Reached XP level 2. HP: 19/19 MP: 0/5
   630 | D:1      | Reached skill level 5 in Necromancy
   911 | D:1      | Gained mutation: You are surrounded by a mild repulsion
                  | field. (EV +2) [demonic ancestry]
   911 | D:1      | Reached XP level 3. HP: 21/24 MP: 6/6
  1587 | D:2      | Reached skill level 1 in Short Blades
  1802 | D:2      | Gained mutation: You may rarely emit foul miasma when
                  | damaged in melee. [demonic ancestry]
  1802 | D:2      | Reached XP level 4. HP: 31/31 MP: 4/7
  2428 | D:3      | Noticed Ijyb
  2726 | D:3      | Killed Ijyb
  2727 | D:3      | Reached XP level 5. HP: 20/36 MP: 7/9
  3256 | D:3      | Found a sparkling altar of Nemelex Xobeh.
  3313 | D:3      | Found a runed translucent door.
  3314 | D:3      | Noticed Crazy Yiuf
  3321 | D:3      | Learned a level 3 spell: Vampiric Draining
  3531 | D:3      | Reached skill level 6 in Necromancy
  3979 | D:3      | Killed Crazy Yiuf
  4104 | D:3      | Found an ornate altar of the Wu Jian Council.
  4106 | D:3      | Found an ancient bone altar of Kikubaaqudgha.
  4149 | D:4      | Found a sacrificial altar of Ru.
  4516 | D:4      | You fall into a shaft and drop 2 floors!
  4520 | D:6      | Noticed a phantom
  4540 | D:6      | Noticed a phantom
  4555 | D:6      | Found a sand-covered staircase.
  4560 | Ossuary  | Entered an ossuary
  4567 | Ossuary  | Learned a level 4 spell: Animate Dead
  4597 | Ossuary  | Reached XP level 6. HP: 20/42 MP: 11/11
  4615 | Ossuary  | Your ally bog mummy died
  4627 | Ossuary  | HP: 1/42 [bog mummy/puff of frost (6)]
  4736 | D:5      | Entered Level 5 of the Dungeon
  5357 | D:4      | Noticed Edmund
  5369 | D:4      | Killed Edmund
  5370 | D:4      | Reached skill level 1 in Fighting
  5370 | D:4      | Gained mutation: You sometimes gain a little power by
                  | taking damage. [demonic ancestry]
  5370 | D:4      | Reached XP level 7. HP: 48/48 MP: 0/13
  5871 | D:4      | Reached skill level 1 in Evocations
  6247 | D:5      | Noticed Eustachio
  6271 | D:5      | Killed Eustachio
  6272 | D:5      | Reached skill level 7 in Necromancy
  6481 | D:5      | Found a stormy altar of Qazlal.
  6483 | D:5      | Found a staircase to the Ecumenical Temple.
  6577 | D:5      | Upgraded the game from 0.29-a0-668-g12ee2bf84d to
                  | 0.29-a0-676-ga64570c9d2
  6834 | D:5      | Reached skill level 5 in Spellcasting
  6853 | D:5      | Found an iron altar of Okawaru.
  6859 | D:5      | Found a shimmering blue altar of Sif Muna.
  6863 | D:5      | Found a basalt altar of Yredelemnul.
  6878 | D:5      | Found a broken altar of Ashenzari.
  7074 | D:5      | Gained mutation: You have hoof-like feet. [demonic
                  | ancestry]
  7074 | D:5      | Reached XP level 8. HP: 56/56 MP: 2/15
  7329 | Temple   | Entered the Ecumenical Temple
  8692 | D:6      | Reached skill level 8 in Necromancy
  9271 | D:7      | Reached XP level 9. HP: 45/62 MP: 11/19
  9516 | D:7      | Learned a level 1 spell: Magic Dart
  9942 | D:7      | Learned a level 5 spell: Agony
  9945 | D:7      | Learned a level 2 spell: Call Imp
  9949 | D:7      | Learned a level 3 spell: Dazzling Flash
 10142 | D:7      | Upgraded the game from 0.29-a0-676-ga64570c9d2 to
                  | 0.29-a0-700-g2f1814c7b2
 10225 | D:8      | Reached skill level 9 in Necromancy
 10236 | D:8      | Slain by a killer bee

Illustrated notes

Levels and vault maps discovered:
D:1:      minmay_arrival_stone_box, layout_basic, minmay_door_square
D:2:      layout_rooms, chequers_mini_garden
D:3:      wad_pebble_path, layout_loops_ring, nicolae_overflow_hidden_temple,
          nicolae_underground_beach, uniq_ijyb, uniq_crazy_yiuf_cottage
D:4:      minmay_skewed_foursquare, layout_loops_cross,
          mainiacjoe_overflow_cross_hatched, minmay_misc_feat_x,
          columned_hall_lemuel, uniq_edmund
D:5:      layout_cave_pools, nicolae_qazlal_scattered_showers,
          nicolae_overflow_hallway_of_the_gods, temple_statues,
          serial_column_ruins, column_ruins_grid_1,
          column_ruins_open_small_water, column_ruins_grid_1,
          column_ruins_grid_3, column_ruins_columns_T,
          column_ruins_columns_straight, column_ruins_grid_1, minivault_4,
          kennysheep_potato, uniq_eustachio
D:6:      layout_basic, nicolae_ossuary_entry_plus, minivault_1,
          kennysheep_generic_room_13
D:7:      layout_basic
D:8:      layout_loops_ring, erik_lair_orcish_takeover, grunt_ministairs_15
Temple:   minmay_temple_curvy_loop

Skill      XL: |  1  2  3  4  5  6  7  8  9 |
---------------+----------------------------+-----
Necromancy     | 5 6 7 8 9 |  9.0
Stealth        | 2 3 |  3.7
Short Blades   | 1 2 |  2.9
Spellcasting   | 3 4 5 6 7 |  7.1
Dodging        | 2 3 |  3.7
Fighting       | 1 2 |  2.8
Evocations     | 1 |  1.5
Throwing       | |  0.4
Conjurations   | |  0.3

Action                   |  1- 3 |  4- 6 |  7- 9 || total
-------------------------+-------+-------+-------++-------
Melee: Short sword       |    10 |       |       ||    10
       Dagger            |    34 |    67 |   180 ||   281
       Kick              |    13 |    18 |    45 ||    76
       Punch             |       |     3 |     3 ||     6
Throw: Boomerang         |       |     5 |       ||     5
 Cast: Necrotize         |    34 |    76 |    61 ||   171
       Vampiric Draining |       |    11 |    24 ||    35
       Magic Dart        |       |       |     4 ||     4
Evoke: Wand              |       |    14 |     4 ||    18
  Use: Scroll            |       |     4 |    12 ||    16
       Potion            |       |     1 |     6 ||     7
 Stab: Sleeping          |     3 |       |     3 ||     6
Armor: Robe              |    12 |    10 |    36 ||    58
Dodge: Dodged            |    22 |    69 |   219 ||   310

Table legend: (Time is in decaauts)
 A = Elapsed time spent in this place.
 B = Non-inter-level travel time spent in this place.
 C = Inter-level travel time spent in this place.
 D = Time resting spent in this place.
 E = Time spent auto-exploring this place.
 F = Levels seen in this place.
 G = Mean time per level.
                   A        B        C        D        E       F      G
               +--------+--------+--------+--------+--------+-----+--------+
         Total |  10185 |  10185 |      0 |    978 |   6663 |  10 | 1018.5 |
       Dungeon |   9905 |   9905 |      0 |    978 |   6477 |   8 | 1238.1 |
        Temple |    221 |    221 |      0 |      0 |    186 |   1 |  221.0 |
       Ossuary |     59 |     59 |      0 |      0 |      0 |   1 |   59.0 |
               +--------+--------+--------+--------+--------+-----+--------+

Top non-repeatable levels by time:
     D:6: 1715 daAuts
     D:4: 1700 daAuts
     D:3: 1540 daAuts
     D:1: 1528 daAuts
     D:5: 1235 daAuts
     D:2: 1104 daAuts
     D:7: 1029 daAuts
  Temple: 221 daAuts
 Ossuary: 59 daAuts
     D:8: 50 daAuts
